 Dungeon Crawl Stone Soup version 0.31-a0-1237-gabc64e778c (webtiles) character file.

Game seed: 10722511831869948815

2416 quinnr the Destroyer (level 9, -4/45 HPs)
             Began as a Tengu Air Elementalist on Dec 13, 2023.
             Slain by an ice beast (11 damage)
             ... on level 6 of the Dungeon on Dec 15, 2023.
             The game lasted 00:18:49 (9725 turns).

quinnr the Destroyer (Tengu Air Elementalist)       Turns: 9725, Time: 00:18:51

Health: -4/45      AC:  3    Str:  8    XL:     9   Next: 47%
Magic:  7/14       EV: 16    Int: 25    God:
Gold:   531        SH:  5    Dex: 16    Spells: 4/14 levels left

rFire   . . .        k - +2 dagger (drain)
rCold   . . .        (no shield)
rNeg    . . .        a - +0 robe
rPois   .            (helmet restricted)
rElec   .            r - +0 cloak
rCorr   .            (no gloves)
SInv    .            (boots unavailable)
Will    .....        u - amulet of reflection
Stlth   ++           I - +6 ring of intelligence
HPRegen 0.27/turn    (no ring)
MPRegen 0.14/turn

%: reflection, acrobat
@: flying
A: beak, talons 3, evasive flight, acrobatic
a: no special abilities


You were on level 6 of the Dungeon.
You visited 2 branches of the dungeon, and saw 8 of its levels.
You also visited: Sewer and Ossuary.

You collected 531 gold pieces.


Innate Abilities, Weirdness & Mutations

You have a beak for a mouth.
You have claws for feet.
Your magical flight helps you evade attacks. (EV +4)
You can magically evade attacks while moving or waiting.


   Skills:
 - Level 2.1 Dodging
 - Level 2.0 Stealth
 - Level 3.0 Spellcasting
 * Level 12.5 Conjurations
 + Level 10.5 Air Magic


You had 4 spell levels left.
You knew the following spells:

 Your Spells              Type           Power      Damage    Failure   Level
d - Orb of Destruction    Conj           30%        9d10      45%         7
t - Static Discharge      Conj/Air       100%       3-8/arc   1%          2
z - Shock                 Conj/Air       100%       1d9       1%          1

Your spell library contained the following spells:

 Spells                   Type           Power      Damage    Failure   Level
 Swiftness                Air            54%        N/A       1%          3
 Airstrike                Air            27%        2d(4-20)  1%          4
 Ensorcelled Hibernation  Hex/Ice        6%         N/A       16%         2
 Jinxbite                 Hex            6%         N/A       16%         2
 Summon Guardian Golem    Hex/Summ       3%         N/A       30%         3
 Anguish                  Hex/Necr       1%         N/A       69%         4
 Cause Fear               Hex            1%         N/A       69%         4
 Fireball                 Conj/Fire      17%        3d9       22%         5
 Spellforged Servitor     Conj/Summ      17%        N/A       100%        7
 Dragon's Call            Summ           1%         N/A       100%        9

Inventory:

Hand Weapons
 k - a +2 dagger of draining (weapon)
Armour
 a - a +0 robe (worn)
 r - a +0 cloak (worn)
Jewellery
 t - an amulet of faith {!P}
 u - an amulet of reflection (around neck)
 I - a +6 ring of intelligence (left hand)
Wands
 j - a wand of polymorph (12)
 q - a wand of mindburst (12)
 B - a wand of flame (10)
Scrolls
 e - a scroll of fear
 n - 2 scrolls of immolation
 v - 2 scrolls of blinking
 w - 3 scrolls of teleportation {@r2}
 x - 2 scrolls of enchant weapon
 y - 3 scrolls of identify {@r1}
 A - a scroll of enchant armour {unknown}
Potions
 b - a potion of magic
 c - a potion of ambrosia {unknown}
 d - 3 potions of enlightenment {unknown}
 f - a potion of cancellation
 g - 2 potions of heal wounds {@q2}
 h - a potion of attraction {unknown}
 i - 2 potions of resistance {unknown}
 l - 4 potions of brilliance {unknown}
 m - 5 potions of curing {unknown}
 o - a potion of mutation {unknown}
 p - 5 potions of lignification {unknown}
 s - a potion of invisibility {unknown}
 z - 2 potions of degeneration {unknown}
 C - 2 potions of haste {unknown}

Dungeon Overview and Level Annotations

Branches:
Dungeon (7/15)             Temple (1/1) D:6           Sewer (visited)
Ossuary (visited)

Altars:
Ashenzari
Cheibriados
Dithmenos
Fedhas
Gozag
Hepliaklqana
Kikubaaqudgha
Makhleb
Nemelex Xobeh
Okawaru
Sif Muna
Trog
Uskayaw
Yredelemnul
The Shining One

Shops:
D:2 =   D:3 [   D:7 (

Annotations:
D:3 1 runed translucent door, 1 transporter, Crazy Yiuf, Grinder
D:5 3 runed translucent doors, BigPumpCobain's ghost, amateur TrSh; GreenGuy14's ghost, novice DjFE

#.................
#....###..........
##....# ###########
###.....# #....
###...#...# #....
#...###...#########....
#......................
#..8.....8.............
##....@...)......#.....
#....Y>.........#.....
#...........)...##....
#...............##....
#................##..#
#.8.....8........##..#
#.................####
####....#.........####
####............##.


You could see an ice beast.


Message History

The ice beast misses you.
The ice beast attacks as it pursues you!
The ice beast misses you.
The ice beast attacks as it pursues you!
The ice beast completely misses you.
The ice beast attacks as it pursues you!
The ice beast barely misses you.
There is a stone staircase leading up, spattered with blood here.
The ice beast misses you.
You fly upwards.
There is a stone staircase leading down here.
The ice beast attacks as it pursues you!
The ice beast completely misses you.
Casting: Static Discharge (safe; 1% risk of failure)
Confirm with . or Enter, or press ? or * to list all spells.
Okay, then.
Casting: Orb of Destruction (astonishingly dangerous; 45% risk of failure)
Confirm with . or Enter, or press ? or * to list all spells.
The ice beast is struck by an arc of lightning.
The ice beast is moderately wounded.
You are struck by an arc of lightning.
* * * LOW HITPOINT WARNING * * *
The ice beast is struck by an arc of lightning.
The ice beast is moderately wounded.
You are struck by an arc of lightning.
* * * LOW HITPOINT WARNING * * *
The lightning grounds out.
The ice beast hits you.
* * * LOW HITPOINT WARNING * * *
The ice beast freezes you!
You die...

Skill      XL: |  1  2  3  4  5  6  7  8  9 |
---------------+----------------------------+-----
Conjurations   | 2 3 4 5 7 8 11 12 | 12.5
Air Magic      | 5 6 7 8 9 10 | 10.5
Spellcasting   | 3 |  3.0
Dodging        | |  2.1
Stealth        | |  2.0

Action                     |  1- 3 |  4- 6 |  7- 9 || total
---------------------------+-------+-------+-------++-------
  Melee: Unarmed           |    15 |       |       ||    15
         Peck              |     4 |     1 |     2 ||     7
         Kick              |     4 |     1 |     3 ||     8
         Dagger            |       |     2 |    10 ||    12
   Cast: Shock             |    96 |   105 |   271 ||   472
         Static Discharge  |       |     7 |    22 ||    29
    Use: Scroll            |     1 |     2 |     6 ||     9
         Potion            |       |       |     1 ||     1
 Armour: Robe              |    17 |    27 |    51 ||    95
  Dodge: Dodged            |    35 |    13 |    39 ||    87
  Block: Other             |       |       |    15 ||    15

Levels and vault maps discovered:
D:1:      co_arrival_hall_of_pillars, layout_basic,
          chequers_serial_rivers_marsh, minmay_pentomino_t2
D:2:      layout_basic, serial_shops, shop, ebering_ecumenical_altar_rust
D:3:      layout_loops_ring, mainiacjoe_overflow_concentric_impassable,
          gammafunk_temple_overflow_arena, vehumet_crystals, serial_shops, shop,
          kennysheep_generic_room_3, uniq_grinder, uniq_terence,
          uniq_crazy_yiuf_cottage
D:4:      layout_gridville, minmay_strange_pillars, uniq_natasha
D:5:      layout_layer_cave, kennysheep_mini, nemelex_xobeh_ov_fountains_minmay,
          enter_ossuary_2, gammafunk_ghost_cemetery, nicolae_sextant,
          st_stairs_5, minmay_holes
D:6:      layout_basic, nicolae_overflow_crystal_walls,
          minmay_temple_entry_steel_oval, portal_sewer_entry_a, st_stairs_1,
          minmay_misc_feat_x, minmay_misc_feat_iff
D:7:      layout_rooms, kennysheep_ying_yang, mainiacjoe_overflow_boulevard,
          serial_shops, nicolae_shop_tiny_waterfront
Temple:   compressed_dpeg_triangle_lava_temple

Notes
Turn   | Place    | Note
-------+----------+-------------------------------------------
     0 | D:1      | quinnr the Tengu Air Elementalist began the quest for the
                  | Orb.
     0 | D:1      | Reached XP level 1. HP: 10/10 MP: 4/4
    98 | D:1      | Reached XP level 2. HP: 8/15 MP: 0/6
   174 | D:1      | Reached skill level 2 in Conjurations
   470 | D:1      | Reached skill level 5 in Air Magic
   567 | D:1      | Reached XP level 3. HP: 19/19 MP: 4/7
  1612 | D:2      | Reached skill level 3 in Conjurations
  1689 | D:2      | Found Unkad's Jewellery Shoppe.
  1760 | D:2      | Learned a level 2 spell: Static Discharge
  1860 | D:2      | Reached XP level 4. HP: 24/24 MP: 5/8
  2038 | D:2      | Found a faded altar of an unknown god.
  2869 | D:3      | Noticed a steam dragon
  2870 | D:3      | Found a hazy altar of Hepliaklqana.
  2873 | D:3      | Found Robich's Armour Boutique.
  2905 | D:3      | Noticed Grinder
  2999 | D:3      | Found a blossoming altar of Fedhas.
  3038 | D:3      | Found a runed translucent door.
  3039 | D:3      | Noticed Crazy Yiuf
  3127 | D:3      | Reached skill level 6 in Air Magic
  3153 | D:4      | Noticed Natasha
  3490 | D:3      | Noticed Terence
  3503 | D:3      | Killed Terence
  3560 | D:3      | Reached skill level 4 in Conjurations
  3560 | D:3      | Reached XP level 5. HP: 28/28 MP: 5/9
  3859 | D:3      | Noticed an ogre
  3868 | D:3      | Killed an ogre
  3869 | D:3      | Reached skill level 5 in Conjurations
  3869 | D:3      | Reached XP level 6. HP: 32/32 MP: 4/10
  4067 | D:3      | Found a transporter.
  4445 | D:4      | Reached skill level 6 in Conjurations
  4445 | D:4      | Reached skill level 7 in Air Magic
  4942 | D:4      | Reached skill level 7 in Conjurations
  4942 | D:4      | Gained mutation: Your magical flight helps you evade
                  | attacks. (EV +4) [Tengu growth]
  4942 | D:4      | Reached XP level 7. HP: 36/36 MP: 4/11
  4950 | D:4      | Learned a level 7 spell: Orb of Destruction
  5009 | D:4      | Killed Natasha
  5099 | D:4      | Noticed Natasha
  5113 | D:4      | Killed Natasha
  5261 | D:5      | Entered Level 5 of the Dungeon
  5345 | D:5      | Found a runed translucent gate.
  5345 | D:5      | Found a runed translucent gate.
  5345 | D:5      | Found a runed translucent gate.
  5350 | D:5      | Noticed GreenGuy14's ghost (novice DjFE)
  5350 | D:5      | Noticed BigPumpCobain's ghost (amateur TrSh)
  5378 | D:5      | Found a sparkling altar of Nemelex Xobeh.
  5543 | D:5      | Reached skill level 8 in Conjurations
  5543 | D:5      | Reached skill level 8 in Air Magic
  5666 | D:5      | Found a sand-covered staircase.
  5671 | Ossuary  | Entered an ossuary
  6143 | Ossuary  | Reached XP level 8. HP: 41/41 MP: 4/12
  6459 | D:5      | Reached skill level 9 in Conjurations
  7139 | D:5      | Found a shadowy altar of Dithmenos.
  7348 | D:6      | Found a glowing drain.
  7382 | Sewer    | Entered a sewer
  7870 | Sewer    | Reached skill level 9 in Air Magic
  7905 | D:6      | Found an iron altar of Okawaru.
  7913 | D:6      | Reached skill level 10 in Conjurations
  8292 | D:6      | Found a staircase to the Ecumenical Temple.
  8311 | Temple   | Entered the Ecumenical Temple
  8572 | D:6      | Reached skill level 11 in Conjurations
  8791 | D:6      | Reached XP level 9. HP: 45/45 MP: 9/13
  9110 | D:7      | Found Vothe's Antique Weapon Shoppe.
  9146 | D:7      | Found a basalt altar of Yredelemnul.
  9173 | D:7      | Reached skill level 10 in Air Magic
  9240 | D:7      | Reached skill level 3 in Spellcasting
  9363 | D:7      | Reached skill level 12 in Conjurations
  9552 | D:7      | Upgraded the game from 0.31-a0-1206-g41278d8d1d to
                  | 0.31-a0-1237-gabc64e778c
  9725 | D:6      | Slain by an ice beast

Vanquished Creatures
  A steam dragon (D:6)
  2 water moccasins
  A black bear (D:6)
  2 ogres
  A centaur (D:6)
  A phantom (D:4)
  A kobold brigand (D:7)
  4 bullfrogs
  3 scorpions
  7 wights
  2 jellies
  2 orc priests
  A hound (D:6)
  A sleepcap (D:4)
  Terence (D:3)
  2 iguanas
  5 orc wizards
  Natasha (twice) (D:4)
  8 mummies (Ossuary)
  6 adders
  3 ufetubi
  4 worms
  5 dart slugs
  24 orcs
  8 ball pythons
  2 bats
  11 endoplasms
  15 giant cockroaches
  A gnoll zombie (Ossuary)
  6 goblins
  10 hobgoblins
  7 jackals
  11 kobolds
  8 quokkas
  16 frilled lizards
  6 hobgoblin zombies (Ossuary)
  An orc zombie (Ossuary)
  8 rats
199 creatures vanquished.

Table legend: (Time is in decaauts)
 A = Elapsed time spent in this place.
 B = Non-inter-level travel time spent in this place.
 C = Inter-level travel time spent in this place.
 D = Time resting spent in this place.
 E = Time spent auto-exploring this place.
 F = Levels seen in this place.
 G = Mean time per level.
                   A        B        C        D        E       F      G
               +--------+--------+--------+--------+--------+-----+--------+
         Total |   9736 |   9376 |    360 |    578 |   7153 |  10 |  973.6 |
       Dungeon |   8426 |   8079 |    347 |    523 |   6163 |   7 | 1203.7 |
        Temple |     56 |     43 |     13 |      0 |     29 |   1 |   56.0 |
         Sewer |    514 |    514 |      0 |     25 |    403 |   1 |  514.0 |
       Ossuary |    738 |    738 |      0 |     30 |    558 |   1 |  738.0 |
               +--------+--------+--------+--------+--------+-----+--------+

Top non-repeatable levels by time:
     D:1: 1569 daAuts
     D:2: 1443 daAuts
     D:5: 1339 daAuts
     D:4: 1201 daAuts
     D:6: 1132 daAuts
     D:3: 1059 daAuts
 Ossuary: 738 daAuts
     D:7: 680 daAuts
   Sewer: 514 daAuts
  Temple: 56 daAuts

Table legend:
 A = Non-vault XP
 B = Vault XP
 C = Vault XP percentage of total XP
 D = Non-vault monster count
 E = Vault monster count
 F = Vault count percentage of total count
                 A         B        C        D         E       F
            +---------+---------+-------+---------+---------+-------
      Total |    2714 |     738 |  21.4 |     142 |      57 |  28.6
            +---------+---------+-------+---------+---------+-------
        D:1 |      68 |       8 |  10.5 |      37 |       2 |   5.1
        D:2 |      25 |       0 |   0.0 |      11 |       0 |   0.0
        D:3 |     197 |      36 |  15.5 |      22 |       1 |   4.3
        D:4 |     443 |      35 |   7.3 |      23 |       1 |   4.2
        D:5 |     243 |     166 |  40.6 |      18 |       2 |  10.0
        D:6 |     768 |     103 |  11.8 |      10 |       8 |  44.4
        D:7 |     970 |       0 |   0.0 |      21 |       0 |   0.0
      Sewer |       0 |     234 | 100.0 |       0 |      27 | 100.0
    Ossuary |       0 |     156 | 100.0 |       0 |      16 | 100.0
            +---------+---------+-------+---------+---------+-------

Levels and vault maps discovered:
D:1:      co_arrival_hall_of_pillars, layout_basic,
          chequers_serial_rivers_marsh, minmay_pentomino_t2
D:2:      layout_basic, serial_shops, shop, ebering_ecumenical_altar_rust
D:3:      layout_loops_ring, mainiacjoe_overflow_concentric_impassable,
          gammafunk_temple_overflow_arena, vehumet_crystals, serial_shops, shop,
          kennysheep_generic_room_3, uniq_grinder, uniq_terence,
          uniq_crazy_yiuf_cottage
D:4:      layout_gridville, minmay_strange_pillars, uniq_natasha
D:5:      layout_layer_cave, kennysheep_mini, nemelex_xobeh_ov_fountains_minmay,
          enter_ossuary_2, gammafunk_ghost_cemetery, nicolae_sextant,
          st_stairs_5, minmay_holes
D:6:      layout_basic, nicolae_overflow_crystal_walls,
          minmay_temple_entry_steel_oval, portal_sewer_entry_a, st_stairs_1,
          minmay_misc_feat_x, minmay_misc_feat_iff
D:7:      layout_rooms, kennysheep_ying_yang, mainiacjoe_overflow_boulevard,
          serial_shops, nicolae_shop_tiny_waterfront
Temple:   compressed_dpeg_triangle_lava_temple
